 Dungeon Crawl Stone Soup version 0.16-a0-3963-gf3423b3 (console) character file.

425979 Fusha the Shatterer (level 23, -5/262 HPs)
             Began as an Ogre Fighter on Feb 10, 2015.
             Was a High Priest of Qazlal.
             Slain by a frost giant
             ... wielding a +0 battleaxe of freezing
              (9 damage)
             ... on level 5 of the Vaults.
             The game lasted 04:46:25 (56507 turns).

Fusha the Shatterer (Ogre Fighter)                 Turns: 56507, Time: 04:46:25

Health: -5/262     AC: 20    Str: 41    XL:     23   Next: 81%
Magic:  7/30       EV: 15    Int:  2    God:    Qazlal [*****.]
Gold:   5289       SH: 34    Dex:  9    Spells: 1 memorised, 21 levels left

rFire  . . .     SeeInvis +     a - +9 demon whip {drain, rC- MR+ Str+7 Int-5 SInv}
rCold  . . .     Clarity  .     C - +1 troll leather armour
rNeg   . . .     SustAb   .     L - +2 large shield
rPois  .         Gourm    .     n - +2 hat of the Harp {rElec rC+ rCorr}
rElec  +         Spirit   .     p - +2 cloak {+Inv}
rCorr  +         Warding  .     (gloves unavailable)
rMut   .         Stasis   .     (boots unavailable)
MR     +++..                    l - amulet of regeneration
Stlth  +.........               G - +3 ring of slaying
                                F - +4 ring of protection

@: marked, protected from physical damage, repel missiles, heavily drained,
invisible, extremely resistant to hostile enchantments, very unstealthy
A: unfitting armour, thin metallic scales 1, tough skin 1
a: Upheaval, Elemental Force, Disaster Area, Renounce Religion
}: 2/15 runes: barnacled, gossamer


You were on level 5 of the Vaults.
You worshipped Qazlal.
Qazlal was extremely pleased with you.
You were not hungry.

You visited 10 branches of the dungeon, and saw 49 of its levels.
You also visited: Labyrinth, Ossuary and Ice Cave.

You collected 6469 gold pieces.
You spent 1180 gold pieces at shops.

Inventory:

Hand weapons
 a - the +9 demon whip of Honesty (weapon) {drain, rC- MR+ Str+7 Int-5 SInv}
   (You found it in an ice cave)

   A truly terrible weapon, it drains the life of those it strikes.
   It affects your strength (+7).
   It affects your intelligence (-5).
   It makes you vulnerable to cold.
   It affects your resistance to hostile enchantments.
   It enhances your eyesight.
Missiles
 y - 66 large rocks (quivered)
Armour
 n - the +2 hat of the Harp (worn) {rElec rC+ rCorr}
   (You found it on level 2 of the Elven Halls)

   It protects you from cold.
   It insulates you from electricity.
   It protects you from acid and corrosion.
 p - a +2 cloak of invisibility (worn)
 C - a +1 troll leather armour (worn)
 L - a +2 large shield (worn)
Rods
 b - a +4 rod of inaccuracy (14/14)
   (You found it on level 4 of the Vaults)
 s - a +9 rod of ignition (13/13)
   (You found it on level 3 of the Crypt)
 K - a +8 lightning rod (10/10)
   (You took it off a death knight on level 3 of the Crypt)
Jewellery
 i - an uncursed ring of protection from magic
 j - an uncursed ring of sustain abilities
 l - an amulet of regeneration (around neck)
 t - an uncursed ring of protection from cold
 D - the ring of the Princeling {+Inv rPois+}
   (You found it on level 8 of the Lair of Beasts)

   [ring of poison resistance]

   It protects you from poison.
   It lets you turn invisible.
 F - a +4 ring of protection (left hand)
 G - a +3 ring of slaying (right hand)
 H - an uncursed ring of fire
 R - an uncursed ring of fire
 Y - an uncursed ring of positive energy
Magical devices
 c - a wand of draining (8)
 g - a wand of invisibility (4)
 N - a wand of fireball (7)
 Q - a wand of fire (6)
 S - a wand of cold (7)
Scrolls
 o - 15 scrolls of teleportation
 w - 2 scrolls of blinking
 I - 2 scrolls of summoning
 P - 9 scrolls of fog
 T - 4 scrolls of fear
 Z - 4 scrolls of silence
Potions
 e - 2 potions of might
 h - 2 potions of haste
 k - a potion of berserk rage
 m - 9 potions of curing
 q - 2 potions of resistance
 v - 7 potions of lignification
 x - 6 potions of restore abilities
 B - 11 potions of ambrosia
 M - 2 potions of heal wounds
 O - a potion of invisibility
 W - 3 potions of cancellation
Miscellaneous
 f - a lamp of fire (inert)
 u - a fan of gales (inert)
 z - a disc of storms
 A - a phial of floods (inert)
Comestibles
 d - 21 meat rations


   Skills:
 + Level 21.7(19.0) Fighting
 + Level 26.1(23.2) Maces & Flails
 + Level 2.6(0.9) Throwing
 - Level 2.4(0.7) Armour
 + Level 18.6(16.1) Dodging
 - Level 0.5(0.0) Stealth
 + Level 18.9(16.3) Shields
 + Level 6.6(4.7) Invocations
 + Level 3.3(1.5) Evocations


You had 21 spell levels left.
You knew the following spells:

 Your Spells              Type           Power        Failure   Level  Hunger
a - Apportation           Tloc           #.........   73%         1    ##.....


Dungeon Overview and Level Annotations

Branches:
Dungeon (15/15)            Temple (0/1) D:5            Lair (8/8) D:8
 Shoals (5/5) Lair:3       Spider (5/5) Lair:4        Slime (1/6) Lair:6
    Orc (4/4) D:9             Elf (2/3) Orc:4        Vaults (5/5) D:14
  Crypt (3/3) Vaults:2       Tomb (1/3) Crypt:3      Depths (0/5) D:15

Altars:
Ashenzari
Elyvilon
Fedhas
Gozag
Okawaru
Qazlal
Trog
Vehumet
Yredelemnul
The Shining One
Beogh
Jiyva

Shops:
D:4 [   D:8 (   D:10 =   D:15 (   Orc:2 [   Orc:4 :[*(   Elf:2 :   Shoals:5 %


Innate Abilities, Weirdness & Mutations

You are too large for most types of armour.
You have tough skin (AC +1).
You are partially covered in thin metallic scales (AC +2).


Message History

Your air elemental closely misses the vault guard.
Your fire elemental barely misses the shadow dragon.
The brown very ugly thing barely misses you.
The tengu reaver hits your fire elemental with a war axe of flaming!
The tengu reaver barely misses your fire elemental. x2
The vault guard closely misses your air elemental.
You block the shadow dragon's attack. x2
The shadow dragon misses you.
The shadow dragon is struck by lightning.
The shadow dragon breathes negative energy at you.
The bolt of negative energy hits you!
You feel drained.
* * * LOW HITPOINT WARNING * * *
The bolt of negative energy hits the shadow dragon.
The shadow dragon completely resists.
The frost giant is engulfed in roaring flames.
The frost giant hits you with a battleaxe of freezing!
* * * LOW HITPOINT WARNING * * *
You feel more protected from physical attacks.
The frost giant freezes you!
You die...

#.. #....# #....#
#....# #....# .
#W...# . ..C
#....# ...
.....#§D§.#.....
.....#@pp.#.....
......CDCup).p....
#####EppcppE.#####
.....*QHppp)p.....
......ppp.<.......
.......<<.......
................
####...≈....####
............


You could see 2 shadow dragons, 2 frost giants, a brown very ugly thing, a
sphinx, a vault warden, a tengu reaver, a yaktaur captain, 12 vault guards, a
vault sentinel, an ironbrand convoker, a freezing wraith, a friendly fire
elemental and a friendly air elemental.

Vanquished Creatures
  An ancient lich (Crypt:3)
  Sojobo (Crypt:2)
  Norris (Vaults:1)
  Saint Roka (Shoals:4)
  Mennas (Crypt:1)
  A golden dragon (Vaults:4)
  A profane servitor (Crypt:3)
  A bone dragon (Crypt:3)
  Nikola (Shoals:2)
  2 tentacled monstrosities
  3 acid blobs (Lair:6)
  A titan (Vaults:4)
  2 sphinxes
  2 krakens (Shoals:5)
  Polyphemus (Shoals:5)
  5 liches
  Agnes (Shoals:5)
  3 tengu reavers
  4 ancient champions
  Frances (D:14)
  2 storm dragons (Vaults:4)
  A greater naga (Vaults:4)
  Ilsuiw (Shoals:5)
  A frost giant (Vaults:3)
  3 revenants
  Donald (Shoals:5)
  A fire giant (Vaults:4)
  10 vault wardens
  2 ghost moths (Spider:5)
  2 orc warlords
  Aizul (Spider:2)
  Louise (Spider:1)
  A curse skull (Crypt:1)
  A deep elf sorcerer (Vaults:3)
  7 emperor scorpions
  7 ghouls
  A very ugly thing (Vaults:4)
  Jorgrun (Shoals:4)
  9 ironheart preservers
  A green draconian (Vaults:4)
  5 stone giants
  2 deep elf demonologists (Elf:1)
  3 vampire knights
  Azrael (D:14)
  3 eidola
  An unborn (Crypt:3)
  6 merfolk javelineers
  Snorg (Orc:2)
  5 deep elf death magi
  4 ettins (Vaults:4)
  20 jiangshi
  20 vault guards
  2 fire dragons
  4 merfolk impalers
  A minotaur (Lab)
  A quicksilver dragon zombie (Crypt:2)
  2 yaktaur captains
  The ghost of hackum the Fighter, a powerful DgFi (D:12)
  Fannar (Elf:1)
  A quicksilver dragon skeleton (Crypt:2)
  A great orb of eyes (Vaults:2)
  2 death cobs (Crypt:3)
  2 merfolk avatars
  12 hydras
  Erica (Orc:2)
  6 merfolk aquamancers
  18 dancing weapons (Elf:2)
  An alligator snapping turtle (Shoals:5)
  2 tengu warriors (D:14)
  7 ogre magi
  13 death yaks
  A centaur warrior (Vaults:4)
  3 death knights (Crypt:3)
  2 orc high priests
  3 satyrs
  4 catoblepae
  Nergalle (D:14)
  2 fire crabs
  2 ice devils (IceCv)
  A deep troll (Vaults:4)
  An iron troll (shapeshifter) (Vaults:4)
  4 shadow wraiths
  33 skeletal warriors
  2 wizards
  20 deep elf knights
  8 sea snakes
  10 flayed ghosts
  A ghost moth zombie (Crypt:3)
  3 unseen horrors
  13 deep elf summoners
  2 ice statues (IceCv)
  A lindwurm (Lair:7)
  An unseen horror (shapeshifter) (D:15)
  Pikel (D:5)
  25 deep elf conjurers
  17 ironbrand convokers
  10 hill giants
  15 orb spiders
  9 hornets
  6 necromancers
  An iron dragon zombie (Crypt:2)
  An oklob plant (Lair:6)
  16 orc knights
  3 orc sorcerers
  37 wolf spiders
  8 fauns
  A wolf spider zombie (D:15)
  A fire giant zombie (D:15)
  2 stone giant zombies
  36 ugly things
  20 harpies
  11 phantasmal warriors
  7 cyclopes
  A guardian serpent (Vaults:4)
  A hornet (shapeshifter) (Elf:2)
  5 water nymphs
  6 vault sentinels
  A shining eye (shapeshifter) (Vaults:3)
  A guardian serpent (shapeshifter) (Elf:1)
  10 manticores
  7 drowned souls (Shoals:2)
  A moth of wrath (Spider:5)
  11 griffons
  A frost giant skeleton (Crypt:2)
  A centaur zombie (D:11)
  A spriggan zombie (D:15)
  Joseph (Orc:2)
  A black mamba (shapeshifter) (Vaults:4)
  10 sirens
  29 elephants
  An eye of devastation (shapeshifter) (Vaults:4)
  2 torpor snails
  7 spiny frogs
  Psyche (Orc:2)
  4 black mambas
  6 kobold demonologists
  A ghost moth simulacrum (Crypt:2)
  12 yaktaurs
  21 demonic crawlers
  A queen ant (Spider:5)
  8 blue devils
  A yellow draconian zombie (Crypt:2)
  A mottled draconian skeleton (Crypt:1)
  5 fire drakes
  35 jumping spiders
  A merfolk (shapeshifter) (Vaults:1)
  8 trolls
  9 komodo dragons
  6 deep elf priests
  3 harpy zombies (Shoals:3)
  32 merfolk
  9 freezing wraiths
  4 wandering mushrooms (Lab)
  8 two-headed ogres
  4 wind drakes
  A silent spectre (Crypt:1)
  A polar bear (shapeshifter) (D:15)
  12 slime creatures
  Prince Ribbit (Lair:2)
  A minotaur skeleton (Lab)
  8 snapping turtles
  A hornet zombie (D:15)
  5 boulder beetles
  2 stone giant simulacra
  7 basilisks
  A hydra skeleton (Crypt:2)
  31 tarantellas
  2 ravens (D:14)
  A jumping spider zombie (Crypt:2)
  20 blink frogs
  A satyr skeleton (Crypt:2)
  32 trapdoor spiders
  4 water elementals
  7 wraiths
  An ettin skeleton (Vaults:3)
  5 shadows
  60 flying skulls
  3 human simulacra
  3 wyverns
  2 vampires (Crypt:2)
  An air elemental (Crypt:2)
  4 fire elementals
  51 redbacks
  A tarantella (shapeshifter) (Vaults:1)
  40 yaks
  44 deep elf fighters
  27 deep elf magi
  9 hippogriffs
  3 hungry ghosts
  Grum (Orc:4)
  A spriggan (D:7)
  22 vampire mosquitoes
  3 mottled dragons
  A hill giant skeleton (Crypt:2)
  Edmund (D:5)
  A naga (shapeshifter) (Vaults:3)
  Menkaure (Ossuary)
  A raven zombie (Crypt:1)
  10 wargs
  4 hell hounds (D:14)
  16 wolves
  26 soldier ants
  An eye of draining (D:8)
  A spiny frog skeleton (Crypt:1)
  A gelid demonspawn skeleton (Crypt:1)
  14 water moccasins
  4 porcupines
  5 sky beasts
  8 necrophages
  5 wasps (Spider:5)
  26 spiders
  An elephant zombie (Crypt:1)
  7 ice beasts
  2 black bears
  A phantom (D:8)
  32 ogres
  52 orc warriors
  A slave (D:5)
  2 small abominations (Crypt:3)
  12 centaurs
  A sky beast (shapeshifter) (Vaults:3)
  An anubis guard skeleton (Crypt:1)
  Sigmund (D:3)
  Duvessa (D:7)
  6 big kobolds
  A brain worm (D:14)
  16 crocodiles
  A boring beetle (Spider:4)
  3 elf zombies
  A lost soul (Crypt:3)
  2 human zombies
  An earth elemental (Lab)
  A merfolk simulacrum (Crypt:3)
  Blork the orc (D:9)
  2 water moccasin zombies
  2 elf skeletons (D:4)
  17 giant frogs
  A spiny frog simulacrum (Crypt:3)
  2 wyvern skeletons
  15 scorpions
  2 hippogriff zombies (Shoals:3)
  10 killer bees
  4 electric eels
  2 spriggan skeletons (Lab)
  A polar bear skeleton (Crypt:1)
  16 wights
  4 lava snakes (Lab)
  9 hounds
  A goliath beetle (D:10)
  Dowan (D:7)
  6 crimson imps
  A giant frog zombie (D:8)
  A wyvern simulacrum (D:11)
  11 centaur skeletons
  39 orc priests
  A quasit (D:14)
  2 jellies
  2 giant frog skeletons
  3 human skeletons
  46 orc wizards
  4 iguanas
  22 worker ants
  8 hell rats
  28 sheep
  2 big kobold zombies
  Ijyb (D:3)
  Jessica (D:2)
  A demigod zombie (Crypt:2)
  2 hound zombies
  3 mummies
  Robin (D:2)
  A worker ant zombie (D:6)
  7 gnolls
  A river rat (shapeshifter) (Vaults:2)
  56 river rats
  25 adders
  5 shadow imps
  6 white imps (IceCv)
  8 ufetubi (IceCv)
  2 adder skeletons
  An iguana skeleton (Crypt:1)
  An iguana zombie (Crypt:2)
  4 giant geckos
  2 oozes
  255 orcs
  18 bats
  3 bat zombies
  3 chimeras
  5 giant cockroaches
  25 hobgoblins
  8 jackals
  A ball python (D:4)
  A giant cockroach zombie (D:6)
  A giant gecko skeleton (D:8)
  A giant gecko zombie (D:7)
  5 giant newts
  2 giant spores
  3 gnoll skeletons
  2 gnoll zombies (Ossuary)
  34 goblins
  3 goblin skeletons
  4 goblin zombies (Ossuary)
  3 hobgoblin skeletons (Ossuary)
  3 hobgoblin zombies (Ossuary)
  31 kobolds
  2 kobold skeletons (Ossuary)
  3 kobold zombies (Ossuary)
  14 orc skeletons
  11 orc zombies
  7 quokkas
  2 quokka skeletons
  18 rats
  2 rat skeletons (Ossuary)
  A rat zombie (Ossuary)
  12 ballistomycetes
  A bush (Lair:7)
  55 fungi
  93 plants
  4 tentacles (Shoals:5)
2581 creatures vanquished.

Vanquished Creatures (collateral kills)
  2 vault guards (Vaults:5)
  A phantasmal warrior (Crypt:3)
3 creatures vanquished.

Vanquished Creatures (others)
  A merfolk javelineer (Shoals:5)
  A merfolk impaler (Shoals:5)
  A yaktaur captain (Vaults:4)
  2 deep elf knights
  2 drowned souls (Shoals:2)
  4 yaktaurs
  An air elemental (Crypt:2)
  A deep elf mage (Elf:2)
  3 water elementals
  A tarantella (Vaults:4)
  A deep elf fighter (Vaults:2)
  9 lost souls
  2 orc wizards
  A hound (D:12)
  A sheep (Vaults:2)
  2 mummies (Ossuary)
  An adder (Lair:8)
  A white imp (IceCv)
  2 ufetubi (IceCv)
  5 chimeras
  2 orcs
  2 jackals (D:5)
  A giant spore (D:12)
  2 gnoll skeletons (Ossuary)
  2 gnoll zombies (Ossuary)
  2 goblin skeletons (Ossuary)
  A hobgoblin skeleton (Ossuary)
  3 hobgoblin zombies (Ossuary)
  4 kobold skeletons (Ossuary)
  A kobold zombie (Ossuary)
  4 orc skeletons
  3 orc zombies
  2 rat skeletons (Ossuary)
  A rat zombie (Ossuary)
  14 fungi
  6 plants
  7 tentacles (Shoals:5)
  72 tentacle segments (Shoals:5)
171 creatures vanquished.

Grand Total: 2755 creatures vanquished

Notes
Turn   | Place    | Note
--------------------------------------------------------------
     0 | D:1      | Fusha, the Ogre Fighter, began the quest for the Orb.
     0 | D:1      | Reached XP level 1. HP: 24/24 MP: 1/1
   106 | D:1      | Reached XP level 2. HP: 29/33 MP: 2/2
   420 | D:1      | Reached XP level 3. HP: 29/40 MP: 3/3
  1209 | D:2      | Reached skill level 1 in Dodging
  1242 | D:2      | Noticed Robin
  1242 | D:2      | Noticed Jessica
  1815 | D:2      | Killed Robin
  1815 | D:2      | Reached XP level 4. HP: 45/49 MP: 4/4
  2006 | D:2      | Killed Jessica
  2048 | D:3      | Found a stormy altar of Qazlal.
  2181 | D:3      | Noticed Ijyb
  2209 | D:3      | Killed Ijyb
  2209 | D:3      | Reached XP level 5. HP: 17/55 MP: 5/5
  2498 | D:3      | Became a worshipper of Qazlal Stormbringer
  2686 | D:3      | Reached skill level 5 in Fighting
  2734 | D:3      | Found a glowing golden altar of the Shining One.
  2929 | D:3      | Noticed Sigmund
  2931 | D:3      | Killed Sigmund
  2931 | D:3      | Reached XP level 6. HP: 66/66 MP: 6/6
  2941 | D:3      | Found a blossoming altar of Fedhas.
  2945 | D:3      | Found an iron altar of Okawaru.
  2953 | D:3      | Found a shattered altar of Ashenzari.
  3411 | D:4      | Acquired Qazlal's first power
  3583 | D:4      | Found a sand-covered staircase.
  3595 | Ossuary  | Entered an ossuary
  3936 | Ossuary  | Acquired Qazlal's second power
  4032 | Ossuary  | Noticed Menkaure
  4036 | Ossuary  | Killed Menkaure
  4036 | Ossuary  | Reached skill level 5 in Maces & Flails
  4036 | Ossuary  | Reached XP level 7. HP: 32/72 MP: 7/7
  4559 | D:4      | Found Fosh's Antique Armour Shop.
  4607 | D:4      | Reached skill level 6 in Fighting
  4711 | D:4      | HP: 3/75 [something (2)]
  5316 | D:5      | Entered Level 5 of the Dungeon
  5406 | D:5      | Noticed Edmund
  5424 | D:5      | Killed Edmund
  5424 | D:5      | Reached XP level 8. HP: 49/84 MP: 8/8
  5777 | D:5      | Found a staircase to the Ecumenical Temple.
  6001 | D:5      | Reached skill level 5 in Dodging
  6076 | D:5      | Noticed Pikel
  6077 | D:5      | Found a radiant altar of Vehumet.
  6097 | D:5      | Killed Pikel
  6097 | D:5      | Reached skill level 7 in Fighting
  6097 | D:5      | Reached skill level 5 in Shields
  6492 | D:6      | Gained mutation: You have a beak for a mouth. [potion of mutation]
  6492 | D:6      | Gained mutation: You are partially covered in iridescent scales (AC +4). [potion of mutation]
  6492 | D:6      | Gained mutation: Potions and wands are less effective at restoring your health. [potion of mutation]
  6493 | D:6      | Lost mutation: Potions and wands are less effective at restoring your health. [potion of cure mutation]
  6493 | D:6      | Lost mutation: You are partially covered in iridescent scales (AC +4). [potion of cure mutation]
  6493 | D:6      | Lost mutation: You have a beak for a mouth. [potion of cure mutation]
  6596 | D:6      | Reached XP level 9. HP: 87/93 MP: 9/9
  7615 | D:7      | Found a white marble altar of Elyvilon.
  7656 | D:7      | Noticed Dowan
  7866 | D:6      | Acquired Qazlal's third power
  8231 | D:6      | Reached skill level 8 in Fighting
  8271 | D:7      | Killed Dowan
  8382 | D:7      | Noticed Duvessa
  8402 | D:7      | Killed Duvessa
  9284 | D:7      | Reached XP level 10. HP: 102/106 MP: 11/11
  9702 | D:7      | Found a bloodstained altar of Trog.
 10143 | D:8      | Acquired Qazlal's fourth power
 10283 | D:8      | Found a staircase to the Lair.
 10792 | D:8      | Found Siankiof's Weapon Shop.
 10852 | D:8      | Reached skill level 9 in Maces & Flails
 11409 | D:4      | Bought a troll leather armour for 405 gold pieces
 11724 | D:9      | Noticed Blork the orc
 11749 | D:9      | Killed Blork the orc
 12070 | D:9      | Acquired Qazlal's fifth power
 12097 | D:9      | Reached skill level 1 in Invocations
 12286 | D:9      | Found a staircase to the Orcish Mines.
 12295 | D:9      | Found a roughly hewn altar of Beogh.
 12354 | D:9      | Reached skill level 10 in Maces & Flails
 12552 | D:10     | Entered Level 10 of the Dungeon
 12576 | D:10     | Reached XP level 11. HP: 105/115 MP: 13/13
 12915 | D:10     | Found Cahiaqif's Jewellery Boutique.
 13427 | Lair:1   | Entered Level 1 of the Lair of Beasts
 13625 | Lair:1   | Reached skill level 11 in Maces & Flails
 13642 | Lair:1   | Reached skill level 10 in Fighting
 13918 | Lair:2   | Found a frozen archway.
 13928 | IceCv    | Entered an ice cave
 13959 | IceCv    | Noticed an ice statue
 13959 | IceCv    | Noticed an ice statue
 14073 | IceCv    | Killed an ice statue
 14173 | IceCv    | Killed an ice statue
 14227 | IceCv    | Reached skill level 10 in Dodging
 14298 | IceCv    | Noticed an ice devil
 14298 | IceCv    | Noticed an ice devil
 14319 | IceCv    | Killed an ice devil
 14340 | IceCv    | Reached XP level 12. HP: 127/127 MP: 15/15
 14349 | IceCv    | Killed an ice devil
 14349 | IceCv    | Reached skill level 12 in Maces & Flails
 14461 | IceCv    | Got a transparent demon whip
 14462 | IceCv    | Identified the +9 demon whip of Honesty {drain, rC- MR+ Str+7 Int-5 SInv} (You found it in an ice cave)
 14808 | Lair:2   | Noticed an eight-headed hydra
 14819 | Lair:2   | Killed an eight-headed hydra
 14884 | Lair:2   | Noticed a five-headed hydra
 14898 | Lair:2   | Killed a five-headed hydra
 15213 | Lair:2   | Noticed Prince Ribbit
 15265 | Lair:2   | Killed Prince Ribbit
 15622 | Lair:3   | Reached skill level 10 in Shields
 15689 | Lair:3   | Reached skill level 13 in Maces & Flails
 15987 | Lair:3   | Noticed a four-headed hydra
 16057 | Lair:3   | Killed a four-headed hydra
 16057 | Lair:3   | Reached XP level 13. HP: 125/139 MP: 14/19
 16275 | Lair:3   | Reached skill level 14 in Maces & Flails
 16284 | Lair:3   | Found a staircase to the Shoals.
 17095 | Lair:4   | Found a hole to the Spider Nest.
 17200 | Lair:4   | Identified a scroll of acquirement
 18320 | Lair:6   | Reached skill level 15 in Maces & Flails
 18421 | Lair:6   | Found a runed door.
 18421 | Lair:6   | Found a viscous altar of Jiyva.
 18421 | Lair:6   | Noticed an acid blob
 18422 | Lair:6   | Found a staircase to the Slime Pits.
 18422 | Lair:6   | Noticed an acid blob
 18423 | Lair:6   | Noticed an acid blob
 19172 | Lair:7   | Reached XP level 14. HP: 153/153 MP: 20/20
 19704 | Lair:7   | Reached skill level 16 in Maces & Flails
 20277 | Lair:8   | Entered Level 8 of the Lair of Beasts
 21103 | Lair:8   | Reached skill level 17 in Maces & Flails
 21196 | Lair:8   | Got a clouded brass ring
 21198 | Lair:8   | Identified the ring of the Princeling {+Inv rPois+} (You found it on level 8 of the Lair of Beasts)
 21663 | Orc:1    | Entered Level 1 of the Orcish Mines
 21922 | Orc:2    | Reached XP level 15. HP: 165/165 MP: 22/22
 22021 | Orc:2    | Found a roughly hewn altar of Beogh.
 22026 | Orc:2    | Noticed Snorg
 22037 | Orc:2    | Killed Snorg
 22226 | Orc:2    | Noticed Erica
 22226 | Orc:2    | Noticed Psyche
 22233 | Orc:2    | Killed Erica
 22233 | Orc:2    | Killed Psyche
 22234 | Orc:2    | Noticed Joseph
 22241 | Orc:2    | Found Khaecuh's Antique Armour Boutique.
 22247 | Orc:2    | Killed Joseph
 23375 | Orc:4    | Entered Level 4 of the Orcish Mines
 23824 | Orc:4    | Noticed Grum
 23832 | Orc:4    | Killed Grum
 23894 | Orc:4    | Found a roughly hewn altar of Beogh.
 23898 | Orc:4    | Found Omoaniong's Book Shop.
 23943 | Orc:4    | Found Thucocs' General Store.
 23969 | Orc:4    | Found a staircase to the Elven Halls.
 24061 | Orc:4    | Bought a potion of beneficial mutation for 490 gold pieces
 24061 | Orc:4    | Gained mutation: You are partially covered in thin metallic scales (AC +2). [potion of beneficial mutation]
 24231 | Orc:4    | Found Uggeem's Antique Weapon Shop.
 24246 | Orc:4    | Found Athruq's Antique Armour Shop.
 24253 | Orc:4    | Bought a pitted cloak for 285 gold pieces
 24263 | Orc:4    | Identified the +1 cloak of Hangman {rElec rPois+ Str-5 Dex+4} (You bought it in a shop on level 4 of the Orcish Mines)
 25177 | D:12     | Noticed hackum's ghost (powerful DgFi)
 25335 | D:12     | Reached skill level 15 in Fighting
 25343 | D:12     | Reached skill level 18 in Maces & Flails
 25412 | D:12     | Killed hackum's ghost
 26083 | D:12     | Found an opulent altar of Gozag.
 26281 | D:13     | Found a labyrinth entrance.
 26287 | Lab      | Entered a labyrinth
 26823 | Lab      | Found an exit through the horrors of the Abyss.
 26993 | Lab      | Found an exit through the horrors of the Abyss.
 27374 | Lab      | Found an exit through the horrors of the Abyss.
 27485 | D:13     | Reached XP level 16. HP: 158/176 MP: 24/24
 28036 | D:14     | Noticed Nergalle
 28047 | D:14     | Killed Nergalle
 28053 | D:14     | Noticed Frances
 28069 | D:14     | Killed Frances
 28489 | D:14     | Reached skill level 19 in Maces & Flails
 28582 | D:14     | Noticed Azrael
 28592 | D:14     | Killed Azrael
 28965 | D:14     | Found a gate to the Vaults.
 29063 | D:15     | Entered Level 15 of the Dungeon
 29073 | D:15     | Found Ymim's Antique Weapon Emporium.
 29288 | D:15     | Found a staircase to the Depths.
 29723 | D:15     | Paralysed by an ogre mage for 4 turns
 30255 | Spider:1 | Entered Level 1 of the Spider Nest
 30514 | Spider:1 | Noticed Louise
 30534 | Spider:1 | Killed Louise
 30991 | Spider:2 | Noticed Aizul
 31021 | Spider:1 | Reached XP level 17. HP: 183/188 MP: 24/24
 31346 | Spider:2 | Reached skill level 20 in Maces & Flails
 31406 | Spider:2 | Killed Aizul
 33165 | Spider:4 | Reached skill level 1 in Throwing
 34481 | Spider:5 | Entered Level 5 of the Spider Nest
 35307 | Spider:5 | Reached XP level 18. HP: 67/201 MP: 25/25
 35727 | Spider:5 | Reached skill level 15 in Dodging
 35887 | Spider:5 | Reached skill level 15 in Shields
 35995 | Spider:5 | Got a gossamer rune of Zot
 36514 | Shoals:1 | Entered Level 1 of the Shoals
 36630 | Shoals:1 | Reached skill level 21 in Maces & Flails
 37535 | Shoals:2 | Noticed Nikola
 37554 | Shoals:2 | Killed Nikola
 37571 | Shoals:2 | Reached skill level 5 in Invocations
 38652 | Shoals:4 | Learned a level 1 spell: Apportation
 39046 | Shoals:4 | Noticed Jorgrun
 39058 | Shoals:4 | Killed Jorgrun
 39164 | Shoals:4 | Noticed Saint Roka
 39183 | Shoals:4 | Killed Saint Roka
 39183 | Shoals:4 | Reached XP level 19. HP: 111/211 MP: 26/26
 39735 | Shoals:5 | Entered Level 5 of the Shoals
 39881 | Shoals:5 | Noticed Ilsuiw
 39914 | Shoals:5 | Killed Ilsuiw
 39914 | Shoals:5 | Reached skill level 1 in Evocations
 40319 | Shoals:5 | Got a barnacled rune of Zot
 40526 | Shoals:5 | Noticed Polyphemus
 40559 | Shoals:5 | Killed Polyphemus
 40823 | Shoals:5 | Noticed Donald
 40830 | Shoals:5 | Noticed Agnes
 40831 | Shoals:5 | Killed Donald
 40840 | Shoals:5 | Killed Agnes
 40932 | Shoals:5 | Found Klyxiyps' Food Emporium.
 41386 | Lair:6   | Killed an acid blob
 41391 | Lair:6   | Killed an acid blob
 41399 | Lair:6   | Killed an acid blob
 41570 | Slime:1  | Entered Level 1 of the Pits of Slime
 41857 | Elf:1    | Entered Level 1 of the Elven Halls
 41896 | Elf:1    | Reached skill level 22 in Maces & Flails
 42236 | Elf:1    | Noticed Fannar
 42248 | Elf:1    | Killed Fannar
 42657 | Elf:1    | Identified the Reference Book on Calling (You found it on level 1 of the Elven Halls)
 43633 | Elf:2    | Reached XP level 20. HP: 218/223 MP: 27/27
 43649 | Elf:2    | Found a runed door.
 43667 | Elf:2    | Found a runed door.
 43779 | Elf:2    | Got a polished hat
 43793 | Elf:2    | Identified the +2 hat of the Harp {rElec rC+ rCorr} (You found it on level 2 of the Elven Halls)
 44055 | Elf:2    | Found Xoal Ceo's Book Shoppe.
 45343 | Vaults:1 | Entered Level 1 of the Vaults
 45384 | Vaults:1 | Noticed Norris
 45417 | Vaults:1 | Killed Norris
 45753 | Vaults:1 | Reached skill level 23 in Maces & Flails
 47395 | Vaults:2 | Reached XP level 21. HP: 122/235 MP: 28/28
 47687 | Vaults:2 | Found a staircase to the Crypt.
 49016 | Vaults:3 | Reached skill level 24 in Maces & Flails
 49843 | Vaults:3 | Found a staircase to the Crypt.
 50472 | Vaults:4 | Reached XP level 22. HP: 177/249 MP: 21/29
 50482 | Vaults:4 | Noticed a golden dragon
 50716 | Vaults:4 | Identified a +4 rod of inaccuracy (14/14) (You found it on level 4 of the Vaults)
 51308 | Vaults:4 | Got a heavily runed copper ring
 51313 | Vaults:4 | Identified the ring of Sin {Ice rPois+ Str+4 Stlth+} (You took it off a yaktaur on level 4 of the Vaults)
 51524 | Vaults:4 | Killed a golden dragon
 52017 | Crypt:1  | Entered Level 1 of the Crypt
 52041 | Crypt:1  | Reached skill level 25 in Maces & Flails
 52042 | Crypt:1  | Noticed Mennas
 52089 | Crypt:1  | Killed Mennas
 53754 | Crypt:2  | Noticed Sojobo
 53772 | Crypt:3  | Entered Level 3 of the Crypt
 53855 | Crypt:3  | Noticed an ancient lich
 53869 | Crypt:3  | Killed an ancient lich
 53871 | Crypt:3  | Found a staircase to the Tomb.
 53925 | Tomb:1   | Entered Level 1 of the Tomb of the Ancients
 54379 | Crypt:3  | Reached XP level 23. HP: 260/260 MP: 30/30
 54507 | Crypt:3  | Identified a +9 rod of ignition (13/13) (You found it on level 3 of the Crypt)
 55126 | Crypt:3  | Found a basalt altar of Yredelemnul.
 55907 | Crypt:2  | Killed Sojobo
 56039 | Crypt:2  | Reached skill level 26 in Maces & Flails
 56471 | Vaults:5 | Entered Level 5 of the Vaults
 56507 | Vaults:5 | HP: 4/262 [frost giant/battleaxe of freezing (17)]
 56507 | Vaults:5 | Slain by a frost giant

Action                   |  1- 3 |  4- 6 |  7- 9 | 10-12 | 13-15 | 16-18 | 19-21 | 22-24 || total
-------------------------+-------+-------+-------+-------+-------+-------+-------+-------++-------
Melee: Flail             |   157 |   255 |   343 |   218 |       |       |       |       ||   973
       Whip              |       |       |   231 |       |       |       |       |       ||   231
       Morningstar       |       |       |       |   384 |       |       |       |       ||   384
       Demon whip        |       |       |       |   190 |  1662 |  1781 |  1713 |  1348 ||  6694
Throw: Stone             |    12 |       |       |       |       |       |       |       ||    12
       Large rock        |       |       |     2 |     4 |     4 |    48 |    16 |    18 ||    92
Invok: Upheaval          |       |       |     2 |    12 |    15 |     6 |    11 |     6 ||    52
       Disaster Area     |       |       |       |       |       |       |     1 |     4 ||     5
 Abil: Evoke Flight      |       |       |       |       |       |     1 |       |       ||     1
Evoke: Wand              |       |     2 |       |       |     1 |    14 |    20 |       ||    37
       Box of beasts     |       |       |       |       |       |     3 |       |    11 ||    14
       Phantom mirror    |       |       |       |       |       |     1 |       |       ||     1
       Lamp of fire (ine |       |       |       |       |       |       |     1 |     3 ||     4
       Disc of storms    |       |       |       |       |       |       |       |     9 ||     9
       Rod               |       |       |       |       |       |       |       |     2 ||     2
       Fan of gales (ine |       |       |       |       |       |       |       |     2 ||     2
       Phial of floods ( |       |       |       |       |       |       |       |     1 ||     1
  Use: Scroll            |     4 |     3 |     7 |    16 |    14 |    13 |     9 |     5 ||    71
       Potion            |       |     1 |     5 |     7 |     2 |     2 |    13 |     9 ||    39
 Stab: Sleeping          |     1 |       |       |       |       |       |       |       ||     1
       Petrified         |       |       |       |       |     2 |       |     3 |       ||     5
       Distracted        |       |       |       |       |       |       |     1 |     1 ||     2
       Confused          |       |       |       |       |       |       |     1 |       ||     1
  Eat: Royal jelly       |     1 |       |     1 |       |     1 |     1 |     1 |       ||     5
       Bread ration      |       |     2 |     3 |     3 |     1 |     8 |     9 |     2 ||    28
       Fruit             |       |       |     1 |    19 |    22 |     2 |     3 |     3 ||    50
       Pizza             |       |       |     1 |       |     5 |     2 |     2 |     1 ||    11
       Beef jerky        |       |       |       |     1 |     1 |     3 |       |     1 ||     6
       Meat ration       |       |       |       |       |       |       |       |     2 ||     2
